 Dungeon Sprint DCSS version 0.20.0-15-g7f486f2 (webtiles) character file.

22033 Groucho the Tortoise (level 12, -7/125 HPs)
             Began as a Minotaur Berserker on June 16, 2017.
             Was the Champion of Trog.
             Killed by the raging water
             ... invoked by a water nymph
              (25 damage)
             ... in the Dungeon (Sprint IX: "|||||||||||||||||||||||||||||").
             The game lasted 00:11:38 (5353 turns).

Groucho the Tortoise (Minotaur Berserker)           Turns: 5353, Time: 00:11:39

Health: -7/125     AC: 30    Str: 24    XL:     12   Next: 59%
Magic:  3/3        EV: 17    Int:  4    God:    Trog [******]
Gold:   746        SH:  3    Dex: 13    Spells: 11/11 levels left

rFire    . . .     SeeInvis .   a - +8 executioner's axe (antimagic)
rCold    . . .     Gourm    .   (shield currently unavailable)
rNeg     . . .     Faith    .   K - +6 chain mail of Ruogy {-Tele MR+++ Stlth+}
rPois    .         Spirit   .   (helmet restricted)
rElec    .         Reflect  +   J - +1 cloak
rCorr    .         Harm     .   y - +0 pair of gloves
MR       +++++     NoTele   +   (no boots)
Stlth    ..........             C - +3 amulet of reflection
Regen    1.3/turn               n - +2 ring of protection
MPRegen  0.1/turn               o - +2 ring of protection

@: regenerating, hasted, slow
A: retaliatory headbutt, horns 2
a: Berserk, Trog's Hand, Brothers in Arms, Burn Spellbooks, Renounce Religion


You were in the Dungeon.
You worshipped Trog.
Trog was exalted by your worship.
You were not hungry.

You visited 1 branch You collected 1928 gold pieces.
You spent 1182 gold pieces at shops.

Inventory:

Hand Weapons
 a - a +8 antimagic executioner's axe (weapon)
 z - the +1 battleaxe "Ahiyquz" {chop, rPois}
   (Trog gifted it to you in the Dungeon)

   It inflicts extra damage upon your enemies.
   It protects you from poison.
Missiles
 B - 4 poisoned javelins (quivered)
 D - 5 javelins of penetration
Armour
 y - a +0 pair of gloves (worn)
 E - a +1 scale mail of positive energy
 J - a +1 cloak (worn)
 K - the +6 chain mail of Ruogy (worn) {-Tele MR+++ Stlth+}
   (You found it in the Dungeon)

   It affects your resistance to hostile enchantments.
   It prevents most forms of teleportation.
   It makes you more stealthy.
Jewellery
 b - an uncursed ring of ice
 n - a +2 ring of protection (left hand)
 o - a +2 ring of protection (right hand)
 C - a +3 amulet of reflection (around neck)
 F - an uncursed ring of ice
 G - an uncursed ring of see invisible
 H - an uncursed ring of poison resistance
Wands
 l - a wand of lightning (7/15)
 A - a wand of scattershot (6/9)
Scrolls
 i - 5 scrolls of blinking
 k - 4 scrolls of remove curse
 p - 3 scrolls of fog
 r - a scroll of fear
 s - 2 scrolls of identify
 t - 4 scrolls of enchant armour
 u - 2 scrolls of immolation
Potions
 d - 5 potions of curing
 e - 7 potions of heal wounds
 f - 2 potions of haste
 g - 4 potions of magic
 h - a potion of berserk rage
 j - a potion of invisibility
 q - 2 potions of might
 v - 2 potions of mutation
Comestibles
 c - 11 bread rations
 w - 40 fruits
 x - 10 meat rations


   Skills:
 + Level 17.2 Fighting
 + Level 17.3 Axes
 + Level 20.3 Armour
 + Level 15.9 Dodging
 + Level 11.1 Unarmed Combat


You had 11 spell levels left.
You didn't know any spells.

Dungeon Overview and Level Annotations

Branches:
Dungeon (1/1)

Altars:
Cheibriados
Dithmenos
Elyvilon
Fedhas
Gozag
Hepliaklqana
Kikubaaqudgha
Makhleb
Nemelex Xobeh
Okawaru
Qazlal
Ru
Sif Muna
Trog
Uskayaw
Vehumet
Xom
Yredelemnul
Zin
The Shining One
Beogh
Jiyva
Lugonu

Shops:
D :***


Innate Abilities, Weirdness & Mutations

You reflexively headbutt those who attack you in melee.
You have a pair of horns on your head.


Message History

The merfolk siren hits you but does no damage.
The water nymph gestures at you while chanting.
The water swirls and strikes you!
The water nymph points at you and mumbles some strange words.
The water swirls and strikes you!
* * * LOW HITPOINT WARNING * * *
Okay, then.
You feel yourself speed up.
The merfolk siren chants a haunting song.
You resist with almost no effort.
The water nymph gestures at you while chanting.
The water swirls and strikes you!
* * * LOW HITPOINT WARNING * * *
Your cyclops goes berserk!
You feel somewhat more hungry.
The merfolk siren hits you from afar with a spear.
* * * LOW HITPOINT WARNING * * *
The water nymph gestures at you while chanting.
The water swirls and strikes you!
You die...

,*,*,*,*,*,*,*,*,▓.▓.▓.▓.▓.▓.▓.▓_
,*,*,*,*,*,*,*,▓.▓.▓.▓.▓.▓.▓.▓.▓_
,*,*,*,*,*,*,*,▓S▓.▓.▓.▓)▓.▓'▓.▓_
,*,*,*,*,*,*,*,▓m▓.▓.▓.▓)▓.▓.▓.▓_
,*,*,*,*,*,*,*,▓H▓.▓[▓.▓.▓.▓.▓.▓_
,*,*,*,*,*,*,*,▓m▓.▓[▓[▓)▓.▓.▓.▓_
,*,*,*,*,*,*,*,▓m▓.▓[▓.▓)▓)▓.▓.▓_
,*,*,*,*,*,*,*,▓m▓.▓[▓.▓.▓.▓.▓.▓_
,*,*,*,*,*,*,*,▓@▓.▓[▓.▓.▓.▓.▓.▓_
,*,*,*,*,*,*,*,▓.▓.▓[▓.▓.▓.▓.▓.▓_
,*,*,*,*,*,*,*,▓C▓.▓.▓.▓.▓.▓.▓.▓_
,*,*,*,*,*,*,*,▓.▓.▓)▓)▓.▓.▓.▓.▓_
,*,*+*,*,*,*,*,▓.▓.▓)▓.▓.▓.▓'▓.▓_
,*,*,*,*,*,*,*,▓.▓.▓)▓.▓.▓.▓)▓.▓_
,*,*,*,*,*,*,*,▓.▓.▓)▓.▓)▓.▓.▓.▓_
,*,*,*,*,*,*,*,▓.▓.▓)▓.▓)▓.▓.▓.▓_
,*,*,*,*,*,*+*,▓.▓.▓)▓.▓)▓.▓.▓.▓_


You could see a sea snake, a merfolk, a manticore, a merfolk siren, 2 water
nymphs and a friendly cyclops (berserk).

Vanquished Creatures
  Aizul (D)
  A very ugly thing (D)
  An entropy weaver (D)
  A rakshasa (D)
  An ice dragon (D)
  3 centaur warriors (D)
  A two-headed ogre (D)
  Urug (D)
  An orc high priest (D)
  A sea snake (D)
  An unseen horror (D)
  A glowing orange brain (D)
  An orc knight (D)
  A deep elf mage (D)
  A wolf spider (D)
  5 orc sorcerers (D)
  2 manticores (D)
  An ugly thing (D)
  A merfolk siren (D)
  2 spiny frogs (D)
  A black mamba (D)
  3 jumping spiders (D)
  A blink frog (D)
  A slime creature (D)
  3 hippogriffs (D)
  3 redbacks (D)
  A wyvern (D)
  A tarantella (D)
  A yak (D)
  2 basilisks (D)
  Grum (D)
  3 wargs (D)
  3 hell hounds (D)
  2 water moccasins (D)
  2 porcupines (D)
  12 orc warriors (D)
  2 ice beasts (D)
  A necrophage (D)
  2 phantoms (D)
  A boggart (D)
  5 wolves (D)
  A centaur (D)
  A crocodile (D)
  A bullfrog (D)
  A wight (D)
  3 orc priests (D)
  A hound (D)
  14 orc wizards (D)
  A worker ant (D)
  An adder (D)
  A shadow imp (D)
  An adder skeleton (D)
  A dart slug (D)
  7 orcs (D)
  A giant cockroach (D)
  A hobgoblin (D)
  A kobold (D)
  A bat (D)
  A rat (D)
118 creatures vanquished.

Notes
Turn   | Place    | Note
-------+----------+-------------------------------------------
     0 | D        | Groucho the Minotaur Berserker began the quest for the Orb.
     0 | D        | Reached XP level 1. HP: 19/19 MP: 0/0
     7 | D        | Reached skill level 3 in Armour
    10 | D        | Reached ** piety under Trog
    68 | D        | Noticed a worker ant
    68 | D        | Noticed a phantom
    68 | D        | Noticed a hound
    75 | D        | Killed a hound
    75 | D        | Reached skill level 5 in Axes
    75 | D        | Reached skill level 5 in Armour
    75 | D        | Reached XP level 2. HP: 20/28 MP: 1/1
    75 | D        | Reached XP level 3. HP: 25/35 MP: 2/2
    77 | D        | Reached *** piety under Trog
    80 | D        | Reached skill level 5 in Fighting
    80 | D        | Reached skill level 6 in Armour
    80 | D        | Killed a phantom
    80 | D        | Reached skill level 8 in Armour
    80 | D        | Reached skill level 5 in Dodging
    80 | D        | Reached XP level 4. HP: 33/45 MP: 3/3
    80 | D        | Reached XP level 5. HP: 37/51 MP: 4/4
   519 | D        | Found a roughly hewn altar of Beogh.
   519 | D        | Found a snail-covered altar of Cheibriados.
   519 | D        | Found a shadowy altar of Dithmenos.
   519 | D        | Found a white marble altar of Elyvilon.
   519 | D        | Found a blossoming altar of Fedhas.
   519 | D        | Found an opulent altar of Gozag.
   520 | D        | Found a hazy altar of Hepliaklqana.
   521 | D        | Found a viscous altar of Jiyva.
   522 | D        | Found an ancient bone altar of Kikubaaqudgha.
   523 | D        | Found a corrupted altar of Lugonu.
   524 | D        | Found a burning altar of Makhleb.
   525 | D        | Found a sparkling altar of Nemelex Xobeh.
   526 | D        | Found an iron altar of Okawaru.
   527 | D        | Found a stormy altar of Qazlal.
   528 | D        | Found a sacrificial altar of Ru.
   529 | D        | Found a deep blue altar of Sif Muna.
   530 | D        | Found a bloodstained altar of Trog.
   531 | D        | Found a hide-covered altar of Uskayaw.
   532 | D        | Found a radiant altar of Vehumet.
   534 | D        | Found a shimmering altar of Xom.
   535 | D        | Found a basalt altar of Yredelemnul.
   536 | D        | Found a glowing silver altar of Zin.
   537 | D        | Found a glowing golden altar of the Shining One.
   584 | D        | Noticed a centaur
   584 | D        | Noticed a phantom
   584 | D        | Noticed a necrophage
   587 | D        | Reached **** piety under Trog
   595 | D        | Killed a necrophage
   595 | D        | Reached skill level 9 in Armour
   595 | D        | Reached XP level 6. HP: 56/60 MP: 5/5
   595 | D        | Reached skill level 10 in Armour
   601 | D        | Reached ***** piety under Trog
   608 | D        | Reached skill level 11 in Armour
   740 | D        | Noticed an ice beast
   740 | D        | Noticed a deep elf mage
   740 | D        | Noticed a slime creature
   740 | D        | Noticed a centaur warrior
   752 | D        | Killed a centaur warrior
   752 | D        | Reached skill level 10 in Fighting
   752 | D        | Reached skill level 10 in Axes
   752 | D        | Reached skill level 13 in Armour
   752 | D        | Reached XP level 7. HP: 72/72 MP: 6/6
   752 | D        | Reached XP level 8. HP: 79/79 MP: 7/7
   755 | D        | Killed a slime creature
   759 | D        | Killed a deep elf mage
   759 | D        | Reached skill level 14 in Armour
   762 | D        | Reached skill level 10 in Dodging
   767 | D        | Reached ****** piety under Trog
   951 | D        | Noticed a spiny frog
   951 | D        | Noticed a spiny frog
   955 | D        | Killed a spiny frog
   955 | D        | Received a gift from Trog
   955 | D        | Reached XP level 9. HP: 82/89 MP: 8/8
   958 | D        | Reached skill level 15 in Armour
   971 | D        | Killed a spiny frog
   978 | D        | Reached skill level 16 in Armour
   984 | D        | Received a gift from Trog
   998 | D        | Noticed a black mamba
  1016 | D        | Killed a black mamba
  1018 | D        | Reached XP level 10. HP: 73/100 MP: 9/9
  1021 | D        | Reached skill level 17 in Armour
  1280 | D        | Received a gift from Trog
  1313 | D        | Received a gift from Trog
  1494 | D        | Noticed Grum
  1501 | D        | Killed Grum
  1501 | D        | Reached skill level 1 in Unarmed Combat
  1664 | D        | Received a gift from Trog
  1684 | D        | Received a gift from Trog
  1834 | D        | Got an ancient battleaxe {god gift}
  1968 | D        | Identified the +1 battleaxe "Ahiyquz" {chop, rPois} (Trog gifted it to you in the Dungeon)
  2208 | D        | Noticed an orc high priest
  2214 | D        | Noticed a smoke demon
  2233 | D        | Killed an orc high priest
  2233 | D        | Reached skill level 18 in Armour
  2234 | D        | Received a gift from Trog
  2249 | D        | Received a gift from Trog
  2433 | D        | Found Sepurute's Assorted Antiques.
  2433 | D        | Noticed an orc sorcerer
  2433 | D        | Noticed an orc sorcerer
  2433 | D        | Noticed an orc sorcerer
  2438 | D        | Killed an orc sorcerer
  2438 | D        | Reached XP level 11. HP: 111/111 MP: 3/10
  2444 | D        | Noticed an orc sorcerer
  2444 | D        | Killed an orc sorcerer
  2444 | D        | Received a gift from Trog
  2444 | D        | Reached skill level 5 in Unarmed Combat
  2445 | D        | Killed an orc sorcerer
  2449 | D        | Found Suxabuz's Assorted Antiques.
  2451 | D        | Killed an orc sorcerer
  2451 | D        | Received a gift from Trog
  2454 | D        | Found Bolucepy's Assorted Antiques.
  2457 | D        | Found Xenkiuc's Book Shop.
  2603 | D        | Noticed an orc sorcerer
  2617 | D        | Paralysed by an orc sorcerer for 2 turns
  2620 | D        | Killed an orc sorcerer
  2620 | D        | Received a gift from Trog
  2648 | D        | Bought a scroll of enchant weapon for 127 gold pieces
  2648 | D        | Bought a knobbly brass ring for 85 gold pieces
  2648 | D        | Bought a scroll of blinking for 127 gold pieces
  2650 | D        | Bought a twisted filigree amulet for 135 gold pieces
  2652 | D        | Bought a scroll of enchant weapon for 195 gold pieces
  2668 | D        | Bought a scroll labeled ZUPUID POEHUM for 26 gold pieces
  2668 | D        | Bought 2 scrolls of identify for 104 gold pieces
  2668 | D        | Bought a scroll labeled ZUPUID POEHUM for 26 gold pieces
  2668 | D        | Bought a scroll of identify for 52 gold pieces
  2668 | D        | Bought a potion of curing for 78 gold pieces
  2668 | D        | Bought a scroll labeled TAUB RINOTTIN for 26 gold pieces
  2670 | D        | Bought a scroll of identify for 54 gold pieces
  2670 | D        | Bought a scroll of identify for 54 gold pieces
  2672 | D        | Bought a scroll of amnesia for 59 gold pieces
  2672 | D        | Bought a scroll of fog for 34 gold pieces
  2738 | D        | Noticed Urug
  2750 | D        | Killed Urug
  2750 | D        | Reached skill level 15 in Fighting
  2853 | D        | Got the +6 chain mail of Ruogy {-Tele MR+++ Stlth+}
  3157 | D        | Noticed an orc knight
  3157 | D        | Noticed a purple ugly thing
  3159 | D        | Noticed a two-headed ogre
  3160 | D        | Killed an unseen horror
  3160 | D        | Reached skill level 15 in Axes
  3163 | D        | Noticed a green very ugly thing
  3165 | D        | Killed a purple ugly thing
  3169 | D        | Received a gift from Trog
  3171 | D        | Noticed an ice dragon
  3178 | D        | Noticed a centaur warrior
  3187 | D        | Killed a green very ugly thing
  3187 | D        | Reached skill level 19 in Armour
  3190 | D        | Noticed a glowing orange brain
  3190 | D        | Killed an orc knight
  3193 | D        | Killed a two-headed ogre
  3196 | D        | Noticed a rakshasa
  3200 | D        | Killed an ice dragon
  3204 | D        | Killed a centaur warrior
  3206 | D        | Received a gift from Trog
  3224 | D        | Killed a rakshasa
  3224 | D        | Reached XP level 12. HP: 63/122 MP: 3/11
  3225 | D        | Reached skill level 15 in Dodging
  3560 | D        | Noticed a centaur warrior
  3570 | D        | Killed a centaur warrior
  3745 | D        | Noticed Aizul
  3769 | D        | Killed Aizul
  3769 | D        | Received a gift from Trog
  3769 | D        | Reached skill level 10 in Unarmed Combat
  4312 | D        | Noticed an entropy weaver
  4322 | D        | Killed an entropy weaver
  4322 | D        | Reached skill level 20 in Armour
  4324 | D        | Received a gift from Trog
  5338 | D        | Received a gift from Trog
  5353 | D        | Killed from afar by a water nymph

Skill      XL: |  1  2  3  4  5  6  7  8  9 10 11 12 |
---------------+-------------------------------------+-----
Axes           | 5 6 7 10 11 12 14 16 17 | 17.3
Armour         | 5 8 9 13 14 16 18 19 20 | 20.3
Fighting       | 4 6 7 10 11 12 14 16 17 | 17.2
Dodging        | 3 5 6 9 10 11 13 14 15 | 15.9
Unarmed Combat | 4 9 11 | 11.1

Action                   |  1- 3 |  4- 6 |  7- 9 | 10-12 || total
-------------------------+-------+-------+-------+-------++-------
Melee: Hand axe          |    20 |     1 |       |       ||    21
       Headbutt          |     3 |     5 |     9 |    66 ||    83
       War axe           |       |    28 |    62 |    75 ||   165
       Battleaxe         |       |       |       |    41 ||    41
       Executioner's axe |       |       |       |   170 ||   170
Invok: Berserk           |     1 |     1 |     1 |     3 ||     6
       Trog's Hand       |       |     1 |     1 |     4 ||     6
       Brothers in Arms  |       |       |       |     1 ||     1
  Use: Potion            |       |     1 |       |     4 ||     5
       Scroll            |       |       |       |     9 ||     9
  Eat: Chunk             |       |       |     3 |     3 ||     6
       Meat ration       |       |       |       |     2 ||     2
       Bread ration      |       |       |       |     2 ||     2
Armor: Ring mail         |       |    13 |    16 |    33 ||    62
       Chain mail        |       |       |       |   100 ||   100
Dodge: Dodged            |    11 |    20 |    39 |   192 ||   262
Block: Other             |       |       |       |    21 ||    21
       Reflection        |       |       |       |     1 ||     1
